 Dungeon Crawl Stone Soup version 0.23.2-40-g277498a001 (webtiles) character file.

Game seed: 15544938006606015755

4078 Curus the Transmogrifier (level 10, -12/65 HPs)
             Began as a Merfolk Transmuter on Sept 22, 2019.
             Killed by refrigeration
             ... invoked by Fannar
              (16 damage)
             ... on level 10 of the Dungeon.
             The game lasted 00:31:05 (7593 turns).

Curus the Transmogrifier (Merfolk Transmuter)       Turns: 7593, Time: 00:31:07

Health: -12/65     AC:  6    Str:  7 (10) XL:     10   Next: 25%
Magic:  11/15      EV: 17    Int: 14 (15) God:
Gold:   426        SH:  0    Dex: 16 (19) Spells: 2/15 levels left

rFire    + . .     SeeInvis .     - Unarmed
rCold    . . .     Gourm    .   (shield currently unavailable)
rNeg     . . .     Faith    .   v - +1 leather armour {rF+}
rPois    .         Spirit   .   (no helmet)
rElec    .         Reflect  .   f - +1 cloak
rCorr    .         Harm     .   (gloves currently unavailable)
MR       .....                  (no boots)
Stlth    +.........             q - amulet of regeneration
HPRegen  0.60/turn              l - +3 ring of dexterity
MPRegen  0.14/turn              (no ring)

@: blade hands, heavily drained
A: change form in water, swift swim, stealthy swim, claws 1, repulsion field 1
a: End Transformation


You were on level 10 of the Dungeon.
You were hungry.
You had blades for hands.
You visited 1 branch of the dungeon, and saw 10 of its levels.

You collected 426 gold pieces.

Inventory:

Missiles
 a - 85 arrows
Armour
 b - a +1 robe
 f - a +1 cloak (worn)
 m - a scarf of spirit shield
 s - a +0 pair of gloves (melded)
 v - a +1 leather armour of fire resistance (worn)
Jewellery
 l - a +3 ring of dexterity (left scythe-like blade)
 n - an uncursed amulet of guardian spirit
 q - an amulet of regeneration (around neck)
Wands
 k - a wand of iceblast (13)
 p - a wand of scattershot (6)
 r - a wand of flame (23)
Scrolls
 c - a scroll of fog
 h - 5 scrolls of remove curse
 i - 15 scrolls of identify
 j - 2 scrolls of amnesia
 w - a scroll of magic mapping
Potions
 e - 3 potions of curing
 g - 3 potions of heal wounds
 o - a potion of brilliance
 u - 4 potions of might
Comestibles
 d - 18 rations
 x - 2 chunks of flesh


   Skills:
 - Level 1.1(0.0) Fighting
 + Level 7.1(5.9) Dodging
 - Level 10.0(8.6) Unarmed Combat
 - Level 3.3(2.2) Spellcasting
 - Level 11.3(9.9) Transmutations
 - Level 4.1(2.9) Ice Magic
 - Level 3.4(2.3) Poison Magic


You had 2 spell levels left.
You knew the following spells:

 Your Spells              Type           Power        Failure   Level  Hunger
a - Beastly Appendage     Tmut           ####..       12%         1    #......
b - Spider Form           Tmut/Pois      ###.......   43%         3    ###....
c - Blade Hands           Tmut           ####......   56%         5    ######.
d - Ice Form              Ice/Tmut       ###.....     67%         4    #####..

Your spell library contained the following spells:

 Spells                   Type           Power        Failure   Level  Hunger
 Sticks to Snakes         Tmut           ####....     14%         2    ###....
 Sting                    Conj/Pois      #...         65%         1    #......
 Ensorcelled Hibernation  Hex/Ice        #.....       71%         2    ###....
 Poisonous Vapours        Pois/Air       #.....       75%         2    ###....
 Corona                   Hex            #......      77%         1    #......
 Mephitic Cloud           Conj/Pois/Air  #.......     91%         3    ###....
 Confuse                  Hex            #.......     96%         3    ###....
 Dazzling Spray           Conj/Hex       #.....       96%         3    ###....
 Tukima's Dance           Hex            #.......     96%         3    ###....
 Olgreb's Toxic Radiance  Pois           #.......     98%         4    #####..
 Venom Bolt               Conj/Pois      #.........   100%        5    ######.


Dungeon Overview and Level Annotations

Branches:
Dungeon (10/15)            Temple (0/1) D:6
   Lair: D:8-11         Orc: D:9-12

Altars:
Gozag
Uskayaw
Vehumet
Wu Jian
Yredelemnul

Shops:
D:6 }

Annotations:
D:10 Fannar, Josephine


Innate Abilities, Weirdness & Mutations

You revert to your normal form in water You are very nimble and swift while swimming.
You are very stealthy in the water. (Stealth+)
You have sharp fingernails.
You are surrounded by a mild repulsion field. (EV +2)


Message History

You slash Fannar!
Fannar is heavily wounded.
The centaur skeleton hits you.
* * * LOW HITPOINT WARNING * * *
Fannar hits you with a +0 quarterstaff of freezing!
* * * LOW HITPOINT WARNING * * *
Fannar freezes you.
* * * LOW HITPOINT WARNING * * *
Casting: Blade Hands (very dangerous; 56% risk of failure)
Confirm with . or Enter, or press ? or * to list all spells.
The spell is very dangerous to cast (67% risk of failure)!
Continue anyway?
Okay, then.
There are monsters nearby!
You completely miss Fannar.
Fannar is heavily wounded.
The centaur skeleton closely misses you.
Fannar gestures wildly while chanting.
Fannar drains the heat from the surrounding environment!
You feel very cold.
You die...

#........ .. ..
.. .# .# .#
########.######
.......@.......
.......Ze......
...............
#####..........
...........
............
..........###
########...#


You could see Fannar and a centaur skeleton.

Vanquished Creatures
  A two-headed ogre (D:8)
  A spriggan (D:8)
  A wraith (D:9)
  A water moccasin (D:8)
  A black bear (D:7)
  2 orc warriors
  2 sky beasts
  2 necrophages
  4 ogres
  4 centaurs
  3 bullfrogs
  4 killer bees (D:9)
  A wight (D:9)
  2 electric eels (D:9)
  7 crimson imps
  5 human zombies (D:9)
  3 centaur zombies
  2 jellies
  2 centaur skeletons
  2 orc priests (D:6)
  7 iguanas
  5 worker ants
  2 orc wizards (D:8)
  A killer bee zombie (D:7)
  4 mummies (D:9)
  10 adders
  A shadow imp (D:5)
  An ooze (D:2)
  An adder skeleton (D:4)
  A dart slug (D:1)
  6 leopard geckos
  11 orcs
  4 ball pythons
  7 giant cockroaches
  5 goblins
  3 hobgoblins
  4 jackals
  5 quokkas
  A ball python skeleton (D:4)
  3 bats
  3 frilled lizards
  A jackal zombie (D:6)
  10 kobolds
  2 quokka skeletons
  6 rats
154 creatures vanquished.

Notes
Turn   | Place    | Note
-------+----------+-------------------------------------------
     0 | D:1      | Curus the Merfolk Transmuter began the quest for the Orb.
     0 | D:1      | Reached XP level 1. HP: 15/15 MP: 3/3
   286 | D:1      | Reached XP level 2. HP: 11/21 MP: 3/5
   757 | D:2      | Reached XP level 3. HP: 17/26 MP: 6/6
   762 | D:2      | Learned a level 3 spell: Spider Form
   917 | D:2      | Reached skill level 3 in Transmutations
  1062 | D:2      | Reached skill level 1 in Poison Magic
  1211 | D:2      | Reached XP level 4. HP: 31/32 MP: 7/7
  1483 | D:3      | Found an opulent altar of Gozag.
  1534 | D:3      | Reached skill level 4 in Transmutations
  1886 | D:3      | Reached XP level 5. HP: 14/37 MP: 6/8
  2351 | D:4      | Noticed an ogre
  2359 | D:4      | Killed an ogre
  2359 | D:4      | Reached skill level 5 in Transmutations
  2359 | D:4      | Reached XP level 6. HP: 19/43 MP: 5/9
  2775 | D:4      | Reached skill level 5 in Unarmed Combat
  3320 | D:4      | Reached XP level 7. HP: 34/48 MP: 6/10
  3398 | D:4      | Found a basalt altar of Yredelemnul.
  3410 | D:4      | Found a radiant altar of Vehumet.
  3465 | D:5      | Entered Level 5 of the Dungeon
  3468 | D:5      | Found an ornate altar of the Wu Jian Council.
  4695 | D:6      | Found a hide-covered altar of Uskayaw.
  5011 | D:6      | Reached XP level 8. HP: 54/54 MP: 11/11
  5014 | D:6      | Found a staircase to the Ecumenical Temple.
  5179 | D:6      | Found Kangebe's Gadget Boutique.
  5603 | D:5      | Noticed a rust devil
  5603 | D:5      | Noticed a rust devil
  5851 | D:7      | Reached skill level 10 in Unarmed Combat
  5884 | D:7      | Learned a level 5 spell: Blade Hands
  5925 | D:7      | Reached skill level 6 in Transmutations
  5926 | D:7      | Gained mutation: You are dopey. (Int -2) [potion of
                  | mutation]
  5926 | D:7      | Gained mutation: You have sharp fingernails. [potion of
                  | mutation]
  5926 | D:7      | Gained mutation: You are robust. (+10% HP) [potion of
                  | mutation]
  5995 | D:7      | Reached skill level 7 in Transmutations
  6036 | D:7      | Reached skill level 8 in Transmutations
  6099 | D:7      | Reached XP level 9. HP: 49/64 MP: 12/12
  6136 | D:7      | Reached skill level 9 in Transmutations
  6415 | D:7      | Lost mutation: You are dopey. (Int -2) [potion of mutation]
  6415 | D:7      | Lost mutation: You are robust. (+10% HP) [potion of
                  | mutation]
  6415 | D:7      | Gained mutation: You are surrounded by a mild repulsion
                  | field. (EV +2) [potion of mutation]
  6464 | D:8      | Reached skill level 10 in Transmutations
  6565 | D:8      | Learned a level 4 spell: Ice Form
  6597 | D:8      | Reached skill level 1 in Ice Magic
  6733 | D:8      | Noticed a two-headed ogre
  6745 | D:8      | Killed a two-headed ogre
  6745 | D:8      | Reached skill level 11 in Transmutations
  6778 | D:8      | Reached XP level 10. HP: 41/65 MP: 15/15
  6898 | D:9      | Noticed a death yak
  6898 | D:9      | Noticed a death yak
  6899 | D:9      | Noticed a death yak
  6899 | D:9      | Noticed a death yak
  6899 | D:9      | Noticed a death yak
  7134 | D:9      | Reached skill level 5 in Dodging
  7178 | D:9      | Found a basalt altar of Yredelemnul.
  7434 | D:9      | Found a hide-covered altar of Uskayaw.
  7572 | D:9      | Noticed a death yak
  7574 | D:10     | Entered Level 10 of the Dungeon
  7574 | D:10     | Noticed Josephine
  7587 | D:10     | Noticed Fannar
  7592 | D:10     | HP: 3/65 [Fannar/+0 quarterstaff of freezing (4)]
  7593 | D:10     | Killed from afar by Fannar

Skill      XL: |  1  2  3  4  5  6  7  8  9 10 |
---------------+-------------------------------+-----
Unarmed Combat | 4 6 8 10 | 10.0
Transmutations | 3 4 5 8 11 | 11.3
Poison Magic   | 1 2 3 |  3.4
Spellcasting   | 3 |  3.3
Ice Magic      | 4 |  4.1
Dodging        | 4 7 |  7.1
Fighting       | |  1.1

Action                   |  1- 3 |  4- 6 |  7- 9 | 10-12 || total
-------------------------+-------+-------+-------+-------++-------
Melee: Unarmed           |   110 |   175 |   329 |   137 ||   751
       Headbutt          |     6 |     5 |     7 |    17 ||    35
       Punch             |     1 |       |    10 |    12 ||    23
 Cast: Beastly Appendage |    12 |    12 |    10 |     7 ||    41
       Spider Form       |       |     4 |    12 |       ||    16
       Blade Hands       |       |       |       |     1 ||     1
       Ice Form          |       |       |       |     1 ||     1
  Use: Scroll            |     8 |     1 |     2 |     1 ||    12
       Potion            |     2 |     3 |     4 |     3 ||    12
 Stab: Sleeping          |       |     1 |     2 |     4 ||     7
  Eat: Chunk             |     1 |     7 |     7 |     3 ||    18
       Ration            |       |       |     2 |       ||     2
Armor: Robe              |    33 |    30 |    36 |       ||    99
       Leather armour    |       |       |     2 |    12 ||    14
       Skin              |       |       |       |     2 ||     2
Dodge: Dodged            |    75 |   104 |   219 |    48 ||   446
